Map: Cyber Forest LE

Players

Sketchaphone - Winner!

  • Race: Zerg Zerg
  • League: Platinum
  • Spawn Location: 5:00

Alvaro

  • Race: Terran Terran
  • League: Platinum
  • Spawn Location: 11:00

VOD

Have the link to the VOD?

Description

Time

  • Played on: March 5, 2019, 10:35 p.m.
  • Length: 13:47
Show
View Real Time Build Order
Export as new Build Order

Sketchaphone Zerg - Winner!

Build Orders: Hatch First, Swarm Host 

Get SALT Encoding   

  12  0:01  Drone  
  13  0:13  Overlord  
  13  0:18  Drone  
  14  0:24  Drone, Extractor  
  15  0:34  Drone  
  16  0:37  Drone  
  17  0:56  Hatchery  
  16  0:59  Drone  
  16  1:02  Drone  
  18  1:05  Extractor  
  17  1:23  Drone  
  17  1:25  Overlord  
  18  1:30  Drone  
  19  1:40  Drone  
  20  1:54  Drone  
  21  1:58  Spawning Pool  
  19  2:16  Evolution Chamber, Drone  
  19  2:17  Drone  
  19  2:18  Overlord  
  20  2:26  Hatchery  
  20  2:29  Drone  
  20  2:35  Drone x2  
  22  2:42  Overlord  
  22  2:48  Metabolic Boost  
  22  2:52  Zergling x2  
  22  2:55  Drone  
  24  3:02  Drone  
  25  3:14  Zerg Ground Armor Level 1  
  25  3:18  Overlord, Drone x3  
  28  3:29  Queen  
  28  3:31  Queen  
  28  3:33  Drone  
  33  3:37  Drone  
  33  3:38  Drone  
  35  3:47  Drone x2  
  37  3:49  Overlord  
  37  3:51  Drone  
  38  3:57  Drone  
  39  4:06  Zergling x4, Drone  
  39  4:07  Drone  
  43  4:12  Queen  
  43  4:14  Queen  
  47  4:20  Lair  
  47  4:21  Zergling x4  
  48  4:26  Overlord  
  48  4:32  Drone  
  48  4:35  Extractor  
  48  4:36  Drone x4, Extractor  
  48  4:38  Extractor  
  50  4:43  Spore Crawler  
  49  5:01  Drone x8  
  57  5:11  Zerg Missile Weapons Level 1  
  57  5:14  Roach Warren  
  56  5:28  Nydus Network  
  55  5:43  Overlord  
  55  5:47  Drone x2  
  57  5:52  Evolution Chamber, Drone x4  
  57  5:53  Drone x5  
  57  5:56  Hydralisk Den, Drone  
  65  6:03  Overlord  
  65  6:05  Pneumatized Carapace  
  65  6:08  Zergling x12  
  65  6:10  Hatchery  
  68  6:22  Overseer  
  68  6:28  Queen  
  68  6:30  Overlord x3, Drone x2  
  72  6:33  Grooved Spines, Glial Reconstitution  
  72  6:40  Zerg Ground Armor Level 2  
  72  6:42  Drone  
  73  6:49  Zergling x12  
  79  6:58  Zergling x12  
  79  6:59  Zergling x2  
  86  7:05  Infestation Pit  
  86  7:06  Overlord  
  85  7:23  Queen  
  85  7:24  Infestation Pit, Hatchery  
  85  7:28  Overseer  
  85  7:30  Overlord  
  85  7:31  Overlord  
  85  7:39  Overlord, Drone  
  85  7:41  Hive  
  87  7:48  Drone x12  
  87  7:50  Extractor  
  98  8:14  Zerg Missile Weapons Level 2  
  98  8:17  Evolution Chamber  
  98  8:19  Muscular Augments  
  97  8:23  Pathogen Glands  
  97  8:25  Swarm Host x2  
  97  8:26  Swarm Host x2  
  115  8:29  Swarm Host  
  118  8:37  Roach x2  
  118  8:38  Roach x3  
  118  8:39  Drone  
  129  8:48  Extractor  
  128  8:53  Drone x14  
  142  8:56  Zerg Melee Weapons Level 1  
  142  9:10  Overlord  
  142  9:14  Burrow  
  142  9:19  Extractor  
  142  9:20  Queen  
  142  9:21  Extractor  
  142  9:26  Spire  
  142  9:27  Adrenal Glands  
  141  9:32  Baneling Nest  
  141  9:37  Zergling x2  
  150  9:40  Overlord x3  
  150  9:53  Overlord  
  150  9:58  Queen  
  152  10:13  Zergling x16  
  152  10:14  Zergling x20  
  170  10:26  Nydus Canal  
  170  10:28  Zergling x2  
  170  10:29  Hydralisk  
  170  10:30  Overlord x2  
  173  10:39  Zergling x2  
  173  10:40  Overlord x2  
  174  10:48  Queen  
  169  11:03  Infestor x2  
  162  11:17  Infestor x2  
  175  11:23  Centrifical Hooks  
  175  11:26  Zerg Melee Weapons Level 2  
  175  11:28  Zergling x20  
  175  11:32  Drone x2  
  162  12:01  Zergling x38  
  162  12:08  Zergling x2  
  134  12:39  Hydralisk x19  
  163  12:55  Hydralisk  
  163  12:56  Hydralisk x10  
  175  13:09  Zergling x10  
  175  13:11  Hatchery  
  169  13:14  Zergling x4  
  162  13:30  Hatchery  
Show
View Real Time Build Order
Export as new Build Order

Alvaro Terran 

Build Orders: Mech 

Get SALT Encoding   

  12  0:04  SCV  
  13  0:16  SCV  
  14  0:24  Supply Depot  
  14  0:28  SCV  
  14  0:33  Refinery  
  15  0:45  SCV  
  16  0:53  Barracks  
  16  0:57  SCV  
  16  1:01  Supply Depot  
  17  1:10  SCV  
  18  1:19  Refinery  
  18  1:22  SCV  
  19  1:38  SCV  
  20  1:41  Barracks  
  20  1:42  Marine  
  21  1:52  SCV  
  22  1:55  Barracks  
  22  2:04  SCV  
  23  2:28  Command Center  
  23  2:51  Marine  
  24  3:02  SCV  
  24  3:04  Barracks Reactor  
  25  3:15  SCV  
  25  3:16  Barracks Reactor, Supply Depot  
  25  3:17  Barracks Reactor  
  26  3:31  Barracks  
  26  3:33  SCV  
  27  3:34  Refinery  
  27  3:45  SCV  
  27  3:47  Supply Depot  
  28  3:48  Supply Depot  
  28  3:53  SCV  
  29  3:57  SCV  
  30  4:04  Marine x6, Supply Depot  
  30  4:05  SCV  
  30  4:09  SCV  
  38  4:22  Marine x5  
  43  4:28  Marine  
  43  4:30  SCV  
  43  4:31  SCV  
  47  4:35  Barracks Tech Lab  
  47  4:38  Engineering Bay  
  46  4:39  Marine x2  
  48  4:52  Marine x3  
  49  4:53  Marine x2  
  49  4:57  Stimpack, Marine  
  54  5:01  SCV x2  
  56  5:11  Missile Turret  
  56  5:13  SCV x2  
  58  5:17  Missile Turret  
  58  5:26  Sensor Tower  
  58  5:29  SCV x2  
  60  5:37  Missile Turret  
  60  5:41  SCV x2  
  62  5:51  Factory  
  62  5:55  Factory  
  62  5:57  Factory  
  62  6:00  Marine  
  62  6:01  Marine x4  
  66  6:34  Marine x5  
  66  6:35  Marine  
  66  6:39  Factory Tech Lab x2  
  72  6:40  Factory Tech Lab  
  72  6:48  Refinery x2, Marine  
  72  6:52  Marine x5  
  78  7:00  Orbital Command  
  78  7:01  Orbital Command  
  78  7:08  Supply Depot x2  
  78  7:09  Supply Depot  
  78  7:29  Marine x3, Siege Tank  
  84  7:30  Siege Tank x2  
  84  7:31  Marine x4  
  84  7:34  Terran Infantry Weapons Level 1  
  94  7:39  Engineering Bay  
  94  7:47  Marine x2, Supply Depot  
  96  7:54  SCV  
  96  7:55  Starport  
  97  8:02  SCV  
  98  8:06  SCV  
  99  8:14  SCV  
  99  8:16  Siege Tank x3  
  109  8:27  Terran Infantry Armor Level 1  
  109  8:30  Missile Turret  
  109  8:32  Starport Reactor  
  109  8:40  Starport  
  109  8:46  Supply Depot  
  109  8:56  Siege Tank x3  
  118  9:09  Supply Depot  
  118  9:22  Starport Reactor  
  118  9:27  Viking x2  
  118  9:30  Marine x5  
  118  9:31  Marine x2  
  129  9:33  Supply Depot  
  129  9:35  Supply Depot  
  129  9:41  Armory  
  129  9:45  Missile Turret  
  129  9:47  Marine  
  129  9:48  Marine x2  
  132  9:57  Viking x2  
  136  10:07  Marine x4  
  136  10:09  Medivac x2  
  144  10:20  Command Center  
  144  10:27  Medivac x2  
  148  10:41  Sensor Tower  
  134  11:15  SCV  
  134  11:28  SCV  
  135  11:40  SCV  
  133  11:52  SCV  
  132  12:04  Marine x4, SCV  
  132  12:05  Marine x3  
  132  12:22  Marine x4  
  112  12:38  Marine  
  112  12:39  Marine x2  
  112  12:40  Marine x3  
  112  12:43  Factory Tech Lab x3  
  96  13:06  Marine  
  96  13:07  Marine  
  96  13:08  Marine x4  
  86  13:17  Marine  
  93  13:24  Marine  
  93  13:25  Marine x2  
  93  13:26  Marine x3  
Tags
 
Composition
MechSwarm Host
Matchup
TvZ
Replay Pack
init
Spawn Locations
Cross Positions
Add a new tag
Caveats
  • Supply blocks, unpowered buildings, or Contaminate may cause inaccurate times.
  • Supply counts are checked every 10 seconds.